 Dungeon Crawl Stone Soup version 0.28.0 (webtiles) character file.

Game seed: 3495662705373812053

98 hikkokomori the Shooter (level 4, -2/24 HPs)
             Began as a Gargoyle Wanderer on Feb 17, 2022.
             Slain by Pargi (5 damage)
             ... in a sewer.
             The game lasted 00:10:09 (3414 turns).

hikkokomori the Shooter (Gargoyle Wanderer)         Turns: 3414, Time: 00:10:10

Health: -2/24      AC: 12    Str: 14    XL:     4   Next: 69%
Magic:  7/7        EV: 11    Int: 14    God:
Gold:   111        SH:  0    Dex: 11    Spells: 6/7 levels left

rFire   . . .      SeeInvis .   a - +2 shortbow
rCold   + . .      Faith    .   (shield currently unavailable)
rNeg    + . .      Spirit   .   p - +2 leather armour {rC+}
rPois   ∞          Reflect  .   k - +0 helmet
rElec   +          Harm     .   (no cloak)
rCorr   .          Rampage  .   n - +1 pair of gloves {hurl}
Will    .....                   e - +0 pair of boots
Stlth   ++........              (no amulet)
HPRegen 0.08/turn               (no ring)
MPRegen 0.10/turn               (no ring)

@: no status effects
A: sickness immunity, AC +3, negative energy resistance 1, electricity
resistance, torment resistance 1, petrification resistance
a: no special abilities


You were in a sewer.
You visited 1 branch of the dungeon, and saw 3 of its levels.
You also visited: Sewer.

You collected 111 gold pieces.

Inventory:

Hand Weapons
 a - a +2 shortbow (weapon)
 i - a +0 short sword
 m - a +0 mace
Missiles
 b - 22 arrows (quivered ammo)
Armour
 c - a +0 pair of gloves
 d - a +0 robe
 e - a +0 pair of boots (worn)
 k - a +0 helmet (worn)
 n - a +1 pair of gloves of hurling (worn)
 p - a +2 leather armour of cold resistance (worn)
Scrolls
 f - a scroll of vulnerability {unknown}
 j - a scroll of fog
 l - a scroll of noise {unknown}


   Skills:
 + Level 4.7 Bows
 - Level 1.5 Dodging
 + Level 3.1 Stealth
 - Level 2.0 Spellcasting
 + Level 1.8 Necromancy
 - Level 1.0 Evocations


You had 6 spell levels left.
You knew the following spells:

 Your Spells              Type           Power      Damage    Failure   Level
a - Pain                  Necr           24%        1d5       14%         1

Your spell library contained the following spells:

 Spells                   Type           Power      Damage    Failure   Level
 Vampiric Draining        Necr           6%         2d6       41%         3


Dungeon Overview and Level Annotations

Branches:
Dungeon (3/15)              Sewer (1/1)

Altars:
Fedhas

Shops:
D:1 [   D:3 [

Annotations:
Sewer Pargi


Innate Abilities, Weirdness & Mutations

You are immune to sickness and miasma.
Your stone body is resilient. (AC +3)
You are immune to poison.
You resist negative energy. (rN+)
You are resistant to electric shocks. (rElec)
You are resistant to unholy torment.
You are immune to petrification.


Message History

The kobold looks frightened!
a - a +2 shortbow (weapon)
You are too injured to fight recklessly!
Fire: 28 arrows
Press: ? - help, Q - select action, (/) - cycle Shift-Dir - straight line, f/p - Pargi
Aim: Pargi (lightly wounded, fleeing, 53% to hit)
You shoot an arrow. The arrow hits Pargi.
Your attack snaps Pargi out of his fear.
Pargi is moderately wounded.
As you read the scroll of fear, it crumbles to dust.
You assume a fearsome visage.
Pargi looks frightened!
Cornered, the kobold turns to fight!
Okay, then.
Fire: 27 arrows
Press: ? - help, Q - select action, (/) - cycle Shift-Dir - straight line, f/p - Pargi
Aim: Pargi (lightly wounded, fleeing, 53% to hit)
You shoot an arrow. The arrow hits Pargi!
Your attack snaps Pargi out of his fear.
Pargi is heavily wounded.
Fire: 26 arrows
Press: ? - help, Q - select action, (/) - cycle Shift-Dir - straight line, f/p - Pargi
Aim: Pargi (moderately wounded, 53% to hit)
You shoot an arrow. The arrow hits Pargi.
Pargi is heavily wounded.
Fire: 25 arrows
Press: ? - help, Q - select action, (/) - cycle Shift-Dir - straight line, f/p - Pargi
Aim: Pargi (heavily wounded, 53% to hit)
You shoot an arrow. The arrow hits Pargi!
Pargi is severely wounded.
Fire: 24 arrows
Press: ? - help, Q - select action, (/) - cycle Shift-Dir - straight line, f/p - Pargi
Aim: Pargi (heavily wounded, 53% to hit)
You shoot an arrow. The arrow barely misses Pargi.
Fire: 23 arrows
Press: ? - help, Q - select action, (/) - cycle Shift-Dir - straight line, f/p - Pargi
Aim: Pargi (heavily wounded, 53% to hit)
You shoot an arrow. The arrow hits Pargi.
Pargi is severely wounded.
Pargi bites you.
You die...

#∩....(..').#
####(≈≈≈(####
#(≈≈≈.####
+(≈≈≈.'.?#
#(≈≈≈.####
####(≈≈≈.#
#.)'.≈≈≈.+
####T≈≈≈.#
####@≈≈K.###
#..'.≈≈≈('..
############
#≈≈≈# #≈≈≈#
≈≈≈# ≈≈≈#
≈≈≈# ≈≈≈#


You could see Pargi and a kobold.

Vanquished Creatures
  5 adders
  4 dart slugs
  An orc (D:3)
  6 endoplasms
  3 hobgoblins
  4 jackals (D:3)
  6 kobolds
  4 quokkas
  2 ball pythons
  4 bats
  5 frilled lizards
  2 rats
46 creatures vanquished.

Vanquished Creatures (others)
  3 plants (D:3)
3 creatures vanquished.

Grand Total: 49 creatures vanquished

Notes
Turn   | Place    | Note
-------+----------+-------------------------------------------
     0 | D:1      | hikkokomori the Gargoyle Wanderer began the quest for the
                  | Orb.
     0 | D:1      | hikkokomori set off with the following items: a +2
                  | shortbow, 24 arrows, a +0 pair of gloves, a +0 robe; and
                  | the following spell memorised: Pain; and the following
                  | spells available to memorise: Vampiric Draining
     0 | D:1      | Reached XP level 1. HP: 10/10 MP: 3/3
   118 | D:1      | Found Natwor's Antique Armour Boutique.
   411 | D:1      | Reached XP level 2. HP: 15/15 MP: 5/5
  1093 | D:2      | Reached skill level 1 in Necromancy
  1466 | D:2      | Reached XP level 3. HP: 10/19 MP: 6/6
  1709 | D:2      | Found a blossoming altar of Fedhas.
  2515 | D:2      | Found a faded altar of an unknown god.
  2593 | D:3      | Found Etynus's Armour Shop.
  2645 | D:3      | Reached XP level 4. HP: 18/24 MP: 4/7
  2957 | D:3      | Found a glowing drain.
  2968 | Sewer    | Entered a sewer
  3135 | Sewer    | Noticed Pargi
  3414 | Sewer    | Slain by Pargi

Illustrated notes

Levels and vault maps discovered:
D:1:      pf_arrival_petrified_forest, layout_loops_corners, serial_shops,
          nicolae_shop_hallway_plus
D:2:      layout_basic, hellmonk_ecumenical_altar_leap_of_faith, basic_altar,
          nicolae_underground_beach
D:3:      kennysheep_goblin_castle, layout_rooms, mainiacjoe_overflow_boulevard,
          serial_shops, nicolae_shop_crystal, cheibrodos_sewer_entry_sluice,
          minmay_misc_feat_four_crosses
Sewer:    kennysheep_door_sewer

Skill      XL: |  1  2  3  4 |
---------------+-------------+-----
Stealth        | 2 3 |  3.1
Necromancy     | 1 |  1.8
Bows           | |  4.7
Dodging        | |  1.5
Spellcasting   | |  2.0
Evocations     | |  1.0

Action                   |  1- 3 |  4- 6 || total
-------------------------+-------+-------++-------
Melee: Short sword       |    89 |     3 ||    92
       Punch             |     2 |     1 ||     3
       Mace              |       |    99 ||    99
 Fire: Shortbow          |    47 |     6 ||    53
Throw: Dart              |       |     7 ||     7
 Cast: Pain              |    14 |     2 ||    16
  Use: Scroll            |     2 |     7 ||     9
       Potion            |     1 |       ||     1
 Stab: Sleeping          |     2 |     2 ||     4
Armor: Robe              |    47 |    45 ||    92
       Leather armour    |       |    31 ||    31
Dodge: Dodged            |    82 |    96 ||   178
